 Dungeon Sprint DCSS version 0.21.1-1-g345015f (webtiles) character file.

37 Fang the Skirmisher (level 3, -3/39 HPs)
             Began as a Gargoyle Berserker on July 11, 2018.
             Was a Priest of Trog.
             Slain by a gnoll
             ... wielding a +0 club
              (4 damage)
             ... in the Dungeon (Sprint VII: "The Pits").
             The game lasted 00:00:49 (673 turns).

Fang the Skirmisher (Gargoyle Berserker)             Turns: 673, Time: 00:00:49

Health: -3/39      AC:  5    Str: 26    XL:     3   Next: 39%
Magic:  3/3        EV: 12    Int:  7    God:    Trog [***...]
Gold:   0          SH:  0    Dex:  9    Spells: 2/2 levels left

rFire    . . .     SeeInvis .   m - +0 hand axe (freeze)
rCold    . . .     Gourm    .   (no shield)
rNeg     + . .     Faith    .   b - +0 animal skin
rPois    ∞         Spirit   .   (no helmet)
rElec    +         Reflect  .   (no cloak)
rCorr    .         Harm     .   (no gloves)
MR       .....     NoTele   +   (no boots)
Stlth    ..........             (no amulet)
HPRegen  0.13/turn              (no ring)
MPRegen  0.08/turn              (no ring)

@: berserking, very quick
A: negative energy resistance 1, electricity resistance, unbreathing,
petrification resistance, rot immunity, AC +3
a: Berserk, Trog's Hand, Burn Spellbooks, Renounce Religion


You were in the Dungeon.
You worshipped Trog.
Trog was most pleased with you.
You were hungry.

You visited 1 branch

Inventory:

Hand Weapons
 j - a +2 hand axe
 m - a +0 hand axe of freezing (weapon)
Armour
 b - a +0 animal skin (worn)
Scrolls
 i - a scroll of blinking
 k - 3 scrolls of remove curse
 l - a scroll of summoning
Potions
 a - 2 potions of invisibility
 d - 6 potions of curing
 e - 6 potions of heal wounds
 f - a potion of haste
 g - 4 potions of magic
 h - 3 potions of berserk rage
Comestibles
 c - 9 rations


   Skills:
 + Level 5.2 Fighting
 + Level 4.7 Axes
 + Level 3.0 Armour
 + Level 2.3 Dodging


You had 2 spell levels left.
You didn't know any spells.

Dungeon Overview and Level Annotations

Branches:
Dungeon (1/1)

Altars:
Cheibriados
Dithmenos
Elyvilon
Fedhas
Gozag
Hepliaklqana
Makhleb
Nemelex Xobeh
Okawaru
Qazlal
Ru
Sif Muna
Trog
Vehumet
Wu Jian
Xom
Yredelemnul
Zin
The Shining One
Beogh
Jiyva
Lugonu


Innate Abilities, Weirdness & Mutations

You are resistant to torment.
Your stone body is resilient. (AC +3)
You are immune to poison.
You resist negative energy. (rN+)
You are resistant to electric shocks. (rElec)
You can survive without breathing.
You are immune to petrification.
You are immune to rotting.


Message History

There is an open door here.
A red film seems to cover your vision as you go berserk!
You feel yourself moving faster!
You feel mighty!
You are feeling hungry.
The gnoll hits you with a club.
The gnoll hits you from afar with a spear.
The gnoll closely misses you.
You are too injured to fight recklessly!
Unknown command.
You are too injured to fight recklessly!
Unknown command.
You are too injured to fight recklessly!
You closely miss the gnoll. You hit the gnoll shaman.
You freeze the gnoll shaman.
The gnoll hits you from afar with a spear.
* * * LOW HITPOINT WARNING * * *
The gnoll shaman hits you with a club!
* * * LOW HITPOINT WARNING * * *
The gnoll hits you with a club.
You die...

#.#[[#..)..##.....
#.#).#####'#####'#
#.#))#..)..##.....
#.#))#.....##.....
#.#..###'####.....
#.##'#..÷..##...<.
#.#........##.....
#.#........##.....
#@###########.....
#gggl...# ######
#gggW...#
#.h.#...# #G.##
..# #... .# #... #
#...S


You could see a phantom, a black bear, a gnoll shaman, a floating eye, 5 gnolls,
a ball python (wandering) and a frilled lizard.

Vanquished Creatures
  A gnoll (D)
  An adder (D)
  A river rat (D)
  A leopard gecko (D)
  An orc (D)
  A hobgoblin (D)
  A ball python zombie (D)
  A giant cockroach zombie (D)
  A leopard gecko skeleton (D)
9 creatures vanquished.

Notes
Turn   | Place    | Note
-------+----------+-------------------------------------------
     0 | D        | Fang the Gargoyle Berserker began the quest for the Orb.
     0 | D        | Reached XP level 1. HP: 14/14 MP: 1/1
    21 | D        | Found a bloodstained altar of Trog.
    21 | D        | Found a deep blue altar of Sif Muna.
    21 | D        | Found a viscous altar of Jiyva.
    21 | D        | Found a hazy altar of Hepliaklqana.
    21 | D        | Found an opulent altar of Gozag.
    22 | D        | Found a glowing golden altar of the Shining One.
    22 | D        | Found a glowing silver altar of Zin.
    22 | D        | Found a basalt altar of Yredelemnul.
    22 | D        | Found a shimmering altar of Xom.
    22 | D        | Found an ornate altar of the Wu Jian Council.
    22 | D        | Found a sacrificial altar of Ru.
    22 | D        | Found a stormy altar of Qazlal.
    22 | D        | Found an iron altar of Okawaru.
    22 | D        | Found a sparkling altar of Nemelex Xobeh.
    22 | D        | Found a burning altar of Makhleb.
    22 | D        | Found a blossoming altar of Fedhas.
    22 | D        | Found a white marble altar of Elyvilon.
    22 | D        | Found a shadowy altar of Dithmenos.
    22 | D        | Found a snail-covered altar of Cheibriados.
    24 | D        | Found a radiant altar of Vehumet.
    24 | D        | Found a corrupted altar of Lugonu.
    24 | D        | Found a roughly hewn altar of Beogh.
    65 | D        | Reached skill level 4 in Fighting
    65 | D        | Reached XP level 2. HP: 13/20 MP: 2/2
   175 | D        | Reached ** piety under Trog
   243 | D        | Reached XP level 3. HP: 10/25 MP: 3/3
   431 | D        | Reached *** piety under Trog
   431 | D        | Reached skill level 5 in Fighting
   671 | D        | Noticed a floating eye
   671 | D        | Noticed a black bear
   671 | D        | Noticed a phantom
   673 | D        | HP: 1/39 [gnoll shaman/club (9)]
   673 | D        | Slain by a gnoll

Skill      XL: |  1  2  3 |
---------------+----------+-----
Fighting       | 4 5 |  5.2
Axes           | 3 4 |  4.7
Dodging        | 2 |  2.3
Armour         | 3 |  3.0

Action                   || total
-------------------------++-------
Melee: Hand axe          ||    23
Invok: Berserk           ||     2
Armor: Animal skin       ||     6
Dodge: Dodged            ||     8
